[Event "Titled Tuesday Blitz April 26 Late 2022"]
[White "Kanyamarala, Trisha"]
[Black "Domingo Nunez, Alejandro"]
[WhiteFideId "45004722"]
[BlackFideId "22245561"]
[WhiteElo "2079"]
[BlackElo "2215"]
[Result "1-0"]
[Round "02"]
[TimeControl "180+1"]
[Date "2022.04.26"]
[WhiteClock "0:00:04"]
[BlackClock "0:01:41"]

1. c4 b6 2. Nc3 g6 3. g3 Bb7 4. Nf3 Bg7 5. Bg2 Nf6 6. O-O O-O 7. d4 a5 8. d5 Na6 9. e4 e6 10. e5 Ne8 11. Bg5 f6 12. exf6 Bxf6 13. Bh6 Rf7 14. Nd4 Nc5 15. dxe6 dxe6 16. Bxb7 Nxb7 17. Nxe6 Qe7 18. Re1 Bxc3 19. bxc3 Qf6 20. Qe2 Ned6 21. Ng5 Rd7 22. Rad1 Nc5 23. Rxd6 Qxg5 24. Bxg5 Rxd6 25. Qe7 Rd7 26. Qe2 Kg7 27. Be3 Nd3 28. Bd4+ Kg8 29. Qxd3 c5 30. Qe4 Rad8 31. Qe6+ Kf8 32. Qf6+ Kg8 33. Qh8+ Kf7 34. Qxh7+ Kf8 35. Qh6+ Kg8 36. Qxg6+ Kf8 37. Be5 Rf7 38. Qh6+ Kg8 39. Qh8# 1-0


[Site "https://www.chess.com"]

[Event "Titled Tuesday Blitz April 26 Late 2022"]
[White "Khanin, Semen"]
[Black "Eswaran, Ashritha"]
[WhiteFideId "4111990"]
[BlackFideId "2080788"]
[WhiteElo "2442"]
[BlackElo "2413"]
[Result "1/2-1/2"]
[Round "02"]
[TimeControl "180+1"]
[Date "2022.04.26"]
[WhiteClock "0:00:01"]
[BlackClock "0:01:44"]

1. e4 c6 2. d4 d5 3. Nd2 dxe4 4. Nxe4 Nf6 5. Nxf6+ exf6 6. c3 Bd6 7. Bd3 O-O 8. Qc2 Re8+ 9. Ne2 f5 10. Bxf5 Bxf5 11. Qxf5 Nd7 12. Be3 Nb6 13. Qd3 Nd5 14. O-O Qe7 15. Rae1 Nxe3 16. fxe3 Qxe3+ 17. Qxe3 Rxe3 18. Ng3 Rxe1 19. Rxe1 Bxg3 20. hxg3 Kf8 21. Kf2 Re8 22. Rh1 h6 23. Rh5 Re6 24. a4 Ke7 25. Ra5 a6 26. d5 cxd5 27. Rxd5 Rg6 28. a5 Ke6 29. Rd4 Rg5 30. Rb4 Rxa5 31. Rxb7 g5 32. Rb6+ Kf5 33. Rxh6 f6 34. Rh8 Rb5 35. b4 a5 36. bxa5 Rxa5 37. Re8 Ra4 38. Re2 Kg4 39. Rc2 Rc4 40. Rc1 f5 41. Rc2 f4 42. gxf4 gxf4 43. Ke2 Kg3 44. Kd3 Rc8 45. c4 Rd8+ 46. Ke4 Rc8 47. c5 Re8+ 48. Kd5 Rd8+ 49. Ke6 Rc8 50. c6 Rxc6+ 51. Rxc6 Kxg2 52. Rc2+ Kg1 53. Rc3 Kg2 54. Kf5 f3 55. Kg4 f2 56. Rc2 Kg1 57. Rxf2 Kxf2 1/2-1/2


[Site "https://www.chess.com"]

[Event "Titled Tuesday Blitz April 26 Late 2022"]
[White "Koellner, Ruben Gideon"]
[Black "Vasquez Schroeder, Rodrigo"]
[WhiteFideId "12993093"]
[BlackFideId "3400042"]
[WhiteElo "2595"]
[BlackElo "2561"]
[Result "1/2-1/2"]
[Round "02"]
[TimeControl "180+1"]
[Date "2022.04.26"]
[WhiteClock "0:00:12"]
[BlackClock "0:00:13"]

1. d4 Nf6 2. Bg5 e6 3. Nd2 h6 4. Bh4 d6 5. e4 Nbd7 6. Bd3 e5 7. c3 Be7 8. Ngf3 Nh5 9. Bxe7 Qxe7 10. g3 Nhf6 11. O-O O-O 12. Qe2 Re8 13. Rfe1 Nf8 14. dxe5 dxe5 15. Kg2 Ng6 16. Bc2 Bd7 17. Rad1 Rad8 18. Nc4 Nh5 19. Qe3 b6 20. Bb3 Nf6 21. Qe2 Bc6 22. Nfd2 a5 23. a3 a4 24. Bc2 Rd7 25. f3 Red8 26. Nf1 Bb5 27. Nfe3 Qc5 28. Rxd7 Rxd7 29. Rd1 Rxd1 30. Bxd1 Ne7 31. Bc2 Bd7 32. Qd2 b5 33. Na5 Qb6 34. c4 c6 35. cxb5 cxb5 36. Qc3 Be6 37. b3 axb3 38. Bxb3 Nd7 39. Bxe6 Qxe6 40. Nb3 Qd6 41. Qb4 Qxb4 42. axb4 Nb6 43. Nc5 Nc6 44. Nd3 f6 45. Nc2 Nc4 46. Kf2 Kf7 47. Ke2 g6 48. Ne3 Ke6 49. Nd5 f5 50. Nc3 Nd4+ 51. Kf2 Kd6 52. h4 Ke6 53. Nd5 fxe4 54. fxe4 Nd6 55. Nc3 h5 56. Ke3 Nc4+ 57. Kf2 Kd6 58. Nd5 Nc2 59. Nc3 Nd4 60. Nd5 Nd2 61. Nc3 Ke6 62. Nc5+ Ke7 63. Nd3 Nc4 64. Nd5+ Kd6 65. Nc3 Nb6 66. Nc5 Nd7 67. Nd3 Nf8 68. Nc5 Nfe6 69. Nxe6 Kxe6 70. Ke3 Kd6 71. Kd3 Kc6 72. Nd5 Kd6 73. Nc3 Kd7 74. Kd2 Kd6 75. Kd3 1/2-1/2


[Site "https://www.chess.com"]

[Event "Titled Tuesday Blitz April 26 Late 2022"]
[White "Kollars, Dmitrij"]
[Black "Schekachikhin, Maksim"]
[WhiteFideId "12909572"]
[BlackFideId "24177830"]
[WhiteElo "2584"]
[BlackElo "2230"]
[Result "1-0"]
[Round "02"]
[TimeControl "180+1"]
[Date "2022.04.26"]
[WhiteClock "0:00:43"]
[BlackClock "0:00:23"]

1. e4 c5 2. c3 d5 3. exd5 Qxd5 4. d4 Nf6 5. Nf3 e6 6. Na3 Qd8 7. Nc4 Nbd7 8. Nce5 Be7 9. Bd3 O-O 10. O-O Nxe5 11. dxe5 Nd5 12. Qe2 Bd7 13. Qe4 g6 14. Bh6 Re8 15. Rad1 Bc6 16. Qg4 Qc7 17. h4 Nb6 18. h5 Bxf3 19. Qxf3 Qxe5 20. hxg6 hxg6 21. Qxb7 Bg5 22. Rfe1 Qf6 23. Bxg5 Qxg5 24. Be4 Rad8 25. Qxa7 Nc4 26. b3 Nd2 27. Bc6 Rf8 28. Qc7 Rc8 29. Qb7 Kg7 30. Re2 Rcd8 31. Bd7 Rh8 32. Rexd2 Qh5 33. g3 Qh2+ 34. Kf1 Rh5 35. Qg2 1-0


[Site "https://www.chess.com"]

[Event "Titled Tuesday Blitz April 26 Late 2022"]
[White "Korchmar, Vasiliy"]
[Black "Yoo, Christopher Woojin"]
[WhiteFideId "24131750"]
[BlackFideId "30909694"]
[WhiteElo "2370"]
[BlackElo "2105"]
[Result "0-1"]
[Round "02"]
[TimeControl "180+1"]
[Date "2022.04.26"]
[WhiteClock "0:00:15"]
[BlackClock "0:00:17"]

1. e4 c5 2. Nf3 e6 3. g3 Nc6 4. Bg2 Nf6 5. Qe2 Be7 6. O-O e5 7. d3 O-O 8. Nc3 d6 9. Bg5 Bg4 10. Bxf6 Bxf6 11. Nd5 Be7 12. c3 Qd7 13. a3 Bd8 14. Qc2 Ne7 15. Ne3 Bh5 16. Nd2 f6 17. a4 Bf7 18. Ndc4 Bc7 19. f4 exf4 20. gxf4 d5 21. Nd2 d4 22. Nec4 Ng6 23. e5 fxe5 24. f5 Nf4 25. Be4 Bd5 26. Qb3 Rxf5 27. Nb6 Rg5+ 28. Kh1 axb6 0-1


[Site "https://www.chess.com"]

[Event "Titled Tuesday Blitz April 26 Late 2022"]
[White "Kostiukov, Alexandr"]
[Black "Stearman, Josiah"]
[WhiteFideId "14108100"]
[BlackFideId "2062496"]
[WhiteElo "2202"]
[BlackElo "2402"]
[Result "0-1"]
[Round "02"]
[TimeControl "180+1"]
[Date "2022.04.26"]
[WhiteClock "0:00:01"]
[BlackClock "0:00:53"]

1. g3 d5 2. Bg2 c6 3. d3 Nf6 4. e4 e5 5. Qe2 Bd6 6. Nf3 O-O 7. O-O Nbd7 8. Nh4 Nc5 9. Nc3 Be6 10. Bg5 d4 11. Nd1 h6 12. Bd2 g5 13. Nf5 Bxf5 14. exf5 Qd7 15. g4 Rfe8 16. f3 Nd5 17. Nf2 Na4 18. Ne4 Nxb2 19. Rab1 Na4 20. Rxb7 Qxb7 21. Nxd6 Qe7 22. Nxe8 Rxe8 23. Re1 Qc5 24. h4 f6 25. hxg5 hxg5 26. Bc1 Nac3 27. Qf2 Nxa2 28. Bb2 Nab4 29. Bxd4 Qxc2 30. Re2 Qd1+ 31. Kh2 Nxd3 32. Qf1 Qxf1 33. Bxf1 N3f4 34. Re1 Kf7 35. Bxa7 Ra8 36. Bf2 Ra2 37. Kg3 Rc2 38. Rb1 Ke7 39. Rb7+ Kd6 40. Rb1 c5 41. Rd1 c4 42. Ra1 Nb4 43. Ra5 Nbd3 44. Bxd3 cxd3 45. Ra6+ Kd5 46. Ra5+ Kc4 47. Ra7 d2 48. Rc7+ Kd3 49. Rd7+ Ke2 0-1


[Site "https://www.chess.com"]

[Event "Titled Tuesday Blitz April 26 Late 2022"]
[White "Kozak, Adam"]
[Black "Zherebtsova, Alexandra"]
[WhiteFideId "753246"]
[BlackFideId "24129518"]
[WhiteElo "2459"]
[BlackElo "2025"]
[Result "1-0"]
[Round "02"]
[TimeControl "180+1"]
[Date "2022.04.26"]
[WhiteClock "0:00:08"]
[BlackClock "0:00:03"]

1. e4 e5 2. f4 exf4 3. Bc4 Ne7 4. Nc3 c6 5. Nge2 d5 6. exd5 cxd5 7. Bb5+ Nbc6 8. Nxf4 d4 9. Nce2 Qb6 10. Bxc6+ Nxc6 11. d3 Bb4+ 12. Bd2 Bxd2+ 13. Qxd2 Qxb2 14. O-O O-O 15. Nh5 h6 16. Neg3 Qb5 17. h4 Bg4 18. Rab1 Qc5 19. Nf6+ gxf6 20. Qxh6 f5 21. Rxf5 Bxf5 22. Qg5+ Kh7 23. Nxf5 Qe5 24. Rb5 Qh8 25. Qh5+ Kg8 26. Qg4+ Kh7 27. Ne7 f5 28. Qg6# 1-0


[Site "https://www.chess.com"]

[Event "Titled Tuesday Blitz April 26 Late 2022"]
[White "Krstulovic, Alex"]
[Black "Chigaev, Maksim"]
[WhiteFideId "760056"]
[BlackFideId "4108116"]
[WhiteElo "2193"]
[BlackElo "2478"]
[Result "0-1"]
[Round "02"]
[TimeControl "180+1"]
[Date "2022.04.26"]
[WhiteClock "0:00:02"]
[BlackClock "0:00:06"]

1. e4 c5 2. Nc3 d6 3. g3 Nc6 4. Bg2 g6 5. d3 Bg7 6. f4 e6 7. Nf3 Nge7 8. O-O O-O 9. Ne2 f5 10. c3 Rb8 11. h3 b5 12. Be3 a5 13. Rb1 b4 14. c4 Qd7 15. g4 Bb7 16. Qe1 Rbe8 17. Ng3 a4 18. Qf2 b3 19. axb3 axb3 20. Nd2 Nd4 21. Kh2 Nec6 22. exf5 gxf5 23. gxf5 exf5 24. Bd5+ Kh8 25. Nf3 Nxf3+ 26. Qxf3 Na5 27. Nh5 Rxe3 28. Qxe3 Bd4 29. Qf3 Bxd5 30. cxd5 Qf7 31. Ra1 Nb7 32. Ra7 Re8 33. Rfa1 c4 34. dxc4 Bxb2 35. Rb1 Bd4 36. Rxb3 Bxa7 37. Qc3+ Kg8 38. Nf6+ Kf8 39. Nxe8 Nc5 40. Qh8+ Ke7 41. Re3+ Ne4 42. Ng7 Bxe3 43. Qxh7 Bxf4+ 44. Kg2 Kf6 45. Nh5+ Ke7 46. Qxf7+ Kxf7 47. Nxf4 Kf6 48. Ne2 Ke5 49. h4 f4 50. Kf3 Nd2+ 51. Kg4 Nxc4 52. Nxf4 Ne3+ 53. Kg3 Nf5+ 54. Kg4 Nxh4 55. Nd3+ Kd4 56. Kxh4 Kxd3 57. Kg5 Ke4 58. Kg4 Kxd5 59. Kf3 Kd4 60. Kf2 d5 61. Ke1 Kc3 62. Ke2 d4 63. Ke1 Kc2 0-1


[Site "https://www.chess.com"]

[Event "Titled Tuesday Blitz April 26 Late 2022"]
[White "Ladan, Nicholas"]
[Black "Le Goff, Ronan"]
[WhiteFideId "30918855"]
[BlackFideId "612073"]
[WhiteElo "2167"]
[BlackElo "2276"]
[Result "0-1"]
[Round "02"]
[TimeControl "180+1"]
[Date "2022.04.26"]
[WhiteClock "0:00:59"]
[BlackClock "0:01:37"]

1. Nf3 Nc6 2. b3 e5 3. Bb2 e4 4. Nd4 Nxd4 5. Bxd4 Nf6 6. e3 d5 7. c4 c6 8. Bb2 Bd6 9. d3 O-O 10. dxe4 Nxe4 11. Bd3 Bb4+ 12. Kf1 f5 13. a3 Qh4 14. Qe2 Bd6 15. cxd5 cxd5 16. Nd2 Nxd2+ 17. Qxd2 f4 18. e4 f3 19. gxf3 Rxf3 20. e5 Bh3+ 21. Ke1 Bc5 22. Bxh7+ Kxh7 23. Qc2+ Qe4+ 24. Qxe4+ dxe4 0-1


[Site "https://www.chess.com"]

[Event "Titled Tuesday Blitz April 26 Late 2022"]
[White "Leitao, Rafael"]
[Black "Jobava, Baadur"]
[WhiteFideId "2101246"]
[BlackFideId "13601520"]
[WhiteElo "2609"]
[BlackElo "2617"]
[Result "0-1"]
[Round "02"]
[TimeControl "180+1"]
[Date "2022.04.26"]
[WhiteClock "0:00:19"]
[BlackClock "0:01:04"]

1. e4 e6 2. d4 d5 3. Nc3 dxe4 4. Nxe4 Bd7 5. Nf3 Bc6 6. Bd3 Nd7 7. O-O Ngf6 8. Ned2 b6 9. b3 Bb7 10. Bb2 g6 11. c4 Bg7 12. Qe2 O-O 13. Rad1 Re8 14. Ne4 a5 15. Ne5 a4 16. Ng5 Nxe5 17. dxe5 Nd7 18. Qe3 axb3 19. axb3 Ra2 20. Rd2 Rxb2 21. Rxb2 Nxe5 22. Rd2 Qe7 23. Be4 Bc8 24. Nf3 Ng4 25. Qe2 Qc5 26. Rfd1 Bf6 27. h3 Nh6 28. Qe3 Qxe3 29. fxe3 Nf5 30. Kf2 Nd6 31. Bc6 Rf8 32. g4 h6 33. h4 Kg7 34. g5 hxg5 35. hxg5 Be7 36. Rh1 Nf5 37. Be4 Bb4 38. Rc2 Nd6 39. Bc6 Bc5 40. Nd4 e5 41. Nb5 Nxb5 42. cxb5 Bf5 43. Rd2 Be7 44. Rg1 Rh8 45. Bd7 Be4 46. Ke1 Bb4 47. Bc6 Bxc6 48. bxc6 Rh2 0-1


[Site "https://www.chess.com"]

[Event "Titled Tuesday Blitz April 26 Late 2022"]
[White "Lin, Dachey"]
[Black "Sadovsky, Artem"]
[WhiteFideId "2029650"]
[BlackFideId "4155840"]
[WhiteElo "2313"]
[BlackElo "2314"]
[Result "1-0"]
[Round "02"]
[TimeControl "180+1"]
[Date "2022.04.26"]
[WhiteClock "0:00:51"]
[BlackClock "0:00:04"]

1. Nc3 d5 2. e4 dxe4 3. Nxe4 e5 4. Bc4 g6 5. d3 h6 6. Nf3 f5 7. Nxe5 fxe4 8. Nxg6 Qf6 9. Qh5 Qf5 10. Qxf5 Bxf5 11. Nxh8 Ne7 12. Nf7 exd3 13. cxd3 b5 14. Bb3 Nbc6 15. Nxh6 Bxd3 16. Bf7+ Kd7 17. Be3 Ne5 18. O-O-O Bxh6 19. Bxh6 Kc6 20. Bf4 Nxf7 21. Rxd3 Nd5 22. Bg3 Re8 23. Rhd1 Nb4 24. Rc3+ Kb6 25. Rxc7 Ne5 26. Bxe5 Rxe5 27. Rcd7 Re2 28. a3 Nc6 29. R1d2 Re1+ 30. Kc2 Re4 31. g3 a5 32. h4 Kc5 33. R7d5+ Kb6 34. h5 b4 35. axb4 Nxb4+ 36. Kc3 Kc6 37. Rxa5 Kb6 38. Rf5 Na2+ 39. Kd3 Re6 40. g4 Nb4+ 41. Kc3 Na2+ 42. Kb3 Nc1+ 43. Kc2 Rc6+ 44. Kd1 Nb3 45. Rdd5 Rc1+ 46. Ke2 Rc2+ 47. Kf1 Rc1+ 48. Kg2 Kc6 49. h6 Rc2 50. h7 Nd4 51. Rxd4 Rxf2+ 52. Kxf2 Kb6 53. h8=Q 1-0


[Site "https://www.chess.com"]

[Event "Titled Tuesday Blitz April 26 Late 2022"]
[White "Lopez Del Alamo, Antonio"]
[Black "Batsiashvili, Nino"]
[WhiteFideId "2227339"]
[BlackFideId "13602993"]
[WhiteElo "2082"]
[BlackElo "2192"]
[Result "0-1"]
[Round "02"]
[TimeControl "180+1"]
[Date "2022.04.26"]
[WhiteClock "0:00:35"]
[BlackClock "0:02:02"]

1. e4 c6 2. d3 d5 3. Nd2 e5 4. Ngf3 Bd6 5. g3 Ne7 6. Bg2 O-O 7. O-O Bg4 8. h3 Bxf3 9. Nxf3 Nd7 10. Re1 h6 11. b3 f5 12. Bb2 fxe4 13. dxe4 d4 14. Rf1 c5 15. Ne1 Ng6 16. Nd3 Qe7 17. a4 Rf7 18. Qh5 Kh7 19. Rae1 Raf8 20. Bc1 Bb8 21. f3 Nf6 0-1


[Site "https://www.chess.com"]

[Event "Titled Tuesday Blitz April 26 Late 2022"]
[White "Makarian, Rudik"]
[Black "Golubev, Mikhail"]
[WhiteFideId "44105681"]
[BlackFideId "14100983"]
[WhiteElo "2388"]
[BlackElo "2374"]
[Result "1-0"]
[Round "02"]
[TimeControl "180+1"]
[Date "2022.04.26"]
[WhiteClock "0:00:19"]
[BlackClock "0:00:09"]

1. d3 g6 2. g3 Bg7 3. Bg2 e5 4. c4 Nc6 5. Nc3 f5 6. e3 Nf6 7. Nge2 O-O 8. O-O d6 9. Rb1 a5 10. a3 Ne7 11. b4 axb4 12. axb4 g5 13. f4 h6 14. Qd2 Ng6 15. Nd5 Nxd5 16. Bxd5+ Kh7 17. Bb2 c6 18. Bg2 Be6 19. Kh1 Qd7 20. Bc3 gxf4 21. exf4 Rae8 22. Ra1 e4 23. Nd4 Bg8 24. Rae1 c5 25. Nb5 exd3 26. Qxd3 Bxc3 27. Qxc3 cxb4 28. Qxb4 d5 29. c5 Re4 30. Bxe4 fxe4 31. Nd6 Be6 32. Qxb7 Qxb7 33. Nxb7 d4 34. Kg1 Bd5 35. Nd6 e3 36. Nb5 Nh4 37. Nxd4 Ng2 38. Re2 Bc4 39. Kxg2 Rd8 40. Rxe3 Bxf1+ 41. Kxf1 Rxd4 42. Rc3 1-0


[Site "https://www.chess.com"]

[Event "Titled Tuesday Blitz April 26 Late 2022"]
[White "Maltsevskaya, Aleksandra"]
[Black "Sheng, Joshua"]
[WhiteFideId "24174041"]
[BlackFideId "2057360"]
[WhiteElo "2235"]
[BlackElo "2142"]
[Result "0-1"]
[Round "02"]
[TimeControl "180+1"]
[Date "2022.04.26"]
[WhiteClock "0:02:16"]
[BlackClock "0:02:16"]

1. e4 c5 2. Nf3 e6 3. d4 cxd4 4. Nxd4 a6 5. Bd3 Bc5 6. Nb3 Ba7 7. O-O Ne7 8. Qf3 Nbc6 9. Qg3 O-O 10. Bg5 f6 11. Be3 Bxe3 12. Qxe3 d5 13. exd5 Nxd5 14. Qh3 f5 15. Rd1 Nf4 16. Qf3 Nxd3 17. Rxd3 Ne5 18. Qe2 Nxd3 19. cxd3 Qd6 20. d4 Bd7 21. Nc3 Bc6 22. Re1 Rfe8 23. Qh5 a5 24. h3 a4 25. Nc5 Qxd4 26. Nxe6 Qf6 27. Qe2 Bd7 0-1


[Site "https://www.chess.com"]

[Event "Titled Tuesday Blitz April 26 Late 2022"]
[White "Manukyan, Artyom"]
[Black "Melikhov, Evgeny V."]
[WhiteFideId "13305786"]
[BlackFideId "4122046"]
[WhiteElo "2034"]
[BlackElo "1931"]
[Result "1-0"]
[Round "02"]
[TimeControl "180+1"]
[Date "2022.04.26"]
[WhiteClock "0:00:06"]
[BlackClock "0:00:13"]

1. e4 e5 2. Nf3 Nc6 3. Bb5 a6 4. Bxc6 dxc6 5. O-O f6 6. d4 exd4 7. Nxd4 c5 8. Nb3 Qxd1 9. Rxd1 Bd7 10. Nc3 O-O-O 11. Bf4 Be6 12. Rxd8+ Kxd8 13. Rd1+ Kc8 14. Nd5 Bxd5 15. Rxd5 b6 16. a4 a5 17. f3 Ne7 18. Rd2 Nc6 19. Kf2 Be7 20. Ke3 Rd8 21. Rxd8+ Bxd8 22. c3 Kd7 23. Nd2 Be7 24. Bg3 Bd6 25. f4 Ke6 26. Nc4 h5 27. f5+ Kd7 28. Bxd6 cxd6 29. Nxb6+ Ke7 30. Nc4 Kd7 31. h4 Ke7 32. b3 Kd7 33. Nb6+ Ke7 34. Nd5+ Kd7 35. Nf4 c4 36. bxc4 Ne5 37. Nxh5 Nxc4+ 38. Kd4 Nb2 39. Nxg7 Nxa4 40. h5 Ke7 41. h6 Kf7 42. Ne8 Kg8 43. Nxf6+ Kf7 44. Ne8 Kg8 45. g4 Nc5 46. g5 a4 47. g6 a3 48. h7+ Kh8 49. Nxd6 Kg7 50. Nf7 Ne6+ 51. fxe6 a2 52. h8=Q+ Kxg6 53. Qh1 1-0


[Site "https://www.chess.com"]

[Event "Titled Tuesday Blitz April 26 Late 2022"]
[White "Mardov, Dimitar"]
[Black "Kozin, Yuri"]
[WhiteFideId "30919495"]
[BlackFideId "4129920"]
[WhiteElo "2185"]
[BlackElo "2579"]
[Result "1-0"]
[Round "02"]
[TimeControl "180+1"]
[Date "2022.04.26"]
[WhiteClock "0:00:06"]
[BlackClock "0:00:12"]

1. c4 c5 2. Nf3 Nf6 3. Nc3 e6 4. d4 cxd4 5. Nxd4 a6 6. g3 Qc7 7. b3 b5 8. Bg2 Bb7 9. Bxb7 Qxb7 10. O-O bxc4 11. bxc4 Be7 12. Bf4 O-O 13. Rb1 Qc8 14. Na4 Bc5 15. Rxb8 Rxb8 16. Bxb8 Bxd4 17. Bd6 Qxc4 18. Bxf8 Kxf8 19. e3 Be5 20. Qb3 Qg4 21. Nc5 Qh3 22. Qb7 d5 23. Nd7+ Nxd7 24. Qxd7 g6 25. Qc8+ Kg7 26. Qxa6 h5 27. Qe2 h4 28. Qf3 g5 29. a4 hxg3 30. hxg3 Qh8 31. Rb1 Qa8 32. Qd1 Qa7 33. Kg2 Qa8 34. Kg1 Qa7 35. Qb3 Qa5 36. Qb5 Qd2 37. Rf1 Bc3 38. Qb6 e5 39. Qd8 Kg6 40. Qd6+ f6 41. Qd7 d4 42. exd4 Bxd4 43. Qe8+ Kf5 44. Qc8+ Kg6 45. Qg8+ Kf5 46. Qh7+ Ke6 47. Kg2 Qc2 48. Qxc2 1-0


[Site "https://www.chess.com"]

[Event "Titled Tuesday Blitz April 26 Late 2022"]
[White "Martic, Ivan"]
[Black "Moiseenko, Alexander"]
[WhiteFideId "929301"]
[BlackFideId "14102560"]
[WhiteElo "2317"]
[BlackElo "2577"]
[Result "0-1"]
[Round "02"]
[TimeControl "180+1"]
[Date "2022.04.26"]
[WhiteClock "0:00:10"]
[BlackClock "0:00:10"]

1. d4 Nf6 2. Nf3 c5 3. d5 b5 4. c3 g6 5. a4 b4 6. e3 Bg7 7. Bc4 O-O 8. O-O d6 9. Re1 bxc3 10. Nxc3 Bg4 11. e4 Nbd7 12. Be2 Rb8 13. Nd2 Bxe2 14. Rxe2 Rb4 15. Qc2 Qa5 16. Ra3 Qa6 17. Re1 Ng4 18. h3 Nge5 19. Nb5 c4 20. Rf1 Nc5 21. f4 Ned3 22. Nxc4 Nxc1 23. Rxc1 Nxa4 24. Nc7 Qb7 25. Rxa4 Rxa4 26. Qxa4 Qxc7 27. b4 Rc8 28. Rc2 Qb8 29. Kh1 Rc7 30. b5 Qc8 31. b6 axb6 32. Nxb6 Qb8 33. Rxc7 Qxc7 34. Qc6 Qd8 35. Qc8 Qxc8 36. Nxc8 Kf8 37. Kg1 f5 38. exf5 Bd4+ 39. Kf1 gxf5 40. g4 Ke8 41. gxf5 Kd7 42. f6 exf6 43. Ke2 Kxc8 44. Kd3 Ba1 45. Ke4 Kd7 46. Kf5 Ke7 47. h4 Kf7 48. h5 Bb2 49. h6 Bc1 50. Ke4 Kg6 0-1


[Site "https://www.chess.com"]

[Event "Titled Tuesday Blitz April 26 Late 2022"]
[White "Martin Barcelo, Carles"]
[Black "Jaferian, Koosha"]
[WhiteFideId "24561444"]
[BlackFideId "12507440"]
[WhiteElo "1875"]
[BlackElo "2030"]
[Result "0-1"]
[Round "02"]
[TimeControl "180+1"]
[Date "2022.04.26"]
[WhiteClock "0:00:14"]
[BlackClock "0:00:18"]

1. e4 c6 2. d4 d5 3. e5 Bf5 4. c4 e6 5. Nc3 Bb4 6. cxd5 cxd5 7. g4 Be4 8. f3 Bg6 9. h4 h5 10. Bg5 Qa5 11. Qd2 Nc6 12. Nge2 hxg4 13. fxg4 Be4 14. Rh3 Nh6 15. Bxh6 Rxh6 16. g5 Rh8 17. Ng3 O-O-O 18. a3 Kb8 19. Rc1 Bxc3 20. Qxc3 Qb6 21. Rd1 Ne7 22. Rh2 Rc8 23. Qe3 Nf5 24. Nxf5 Bxf5 25. Bd3 Bxd3 26. Qxd3 Rc7 27. Rc2 Rxc2 28. Qxc2 Rxh4 29. Qc3 Rh1+ 30. Kd2 Rh2+ 31. Kc1 Rg2 32. Kb1 Rxg5 33. Rc1 a6 34. a4 Rg4 35. Qc8+ Ka7 36. Qf8 Rg2 37. Qa3 Qxd4 38. Rc8 Rg1+ 39. Ka2 Rd1 40. a5 Rd3 41. Qd6 Qa4+ 42. Kb1 Rd1+ 43. Rc1 Rxc1+ 44. Kxc1 Qc6+ 45. Qxc6 bxc6 0-1


[Site "https://www.chess.com"]

[Event "Titled Tuesday Blitz April 26 Late 2022"]
[White "Martinez Alcantara, Jose Eduardo"]
[Black "Kosteniuk, Alexandra"]
[WhiteFideId "3805662"]
[BlackFideId "4128125"]
[WhiteElo "2690"]
[BlackElo "2469"]
[Result "1-0"]
[Round "02"]
[TimeControl "180+1"]
[Date "2022.04.26"]
[WhiteClock "0:00:06"]
[BlackClock "0:00:37"]

1. e4 e5 2. Nf3 Nc6 3. Bb5 a6 4. Ba4 Nf6 5. d3 Bc5 6. c3 b5 7. Bb3 d6 8. Bg5 h6 9. Bh4 g5 10. Bg3 Bg4 11. Nbd2 Qd7 12. Nf1 Bb6 13. Qe2 a5 14. a4 b4 15. Ne3 Be6 16. Bxe6 fxe6 17. Nc4 Ba7 18. O-O O-O 19. Rad1 Qf7 20. Nfd2 Nh5 21. Kh1 Kh7 22. Nb3 Bb6 23. d4 Nf4 24. Bxf4 exf4 25. f3 bxc3 26. bxc3 Rab8 27. Rb1 d5 28. Nxb6 cxb6 29. Nc1 Qg6 30. Nd3 g4 31. exd5 exd5 32. fxg4 Rbe8 33. Qd2 Qxg4 34. h3 Qg3 35. Rf3 Qg5 36. Rxb6 Rf6 37. Qf2 Re3 38. Rxf4 Rxf4 39. Qxf4 Qxf4 40. Nxf4 Rxc3 41. Rb7+ Kg8 42. Ne6 Rc4 43. Rg7+ Kh8 44. Rc7 Nb4 45. Ra7 Nc6 46. Rc7 Nb4 47. Rd7 Rc1+ 48. Kh2 Ra1 49. Kg3 Rxa4 50. Kg4 Ra2 51. Kh5 Rxg2 52. Kxh6 Kg8 53. h4 a4 54. Nf4 Rg4 55. Ng6 1-0


[Site "https://www.chess.com"]

[Event "Titled Tuesday Blitz April 26 Late 2022"]
[White "Melkumyan, Hrant"]
[Black "Skawinski, Arkadiusz"]
[WhiteFideId "13302485"]
[BlackFideId "1126415"]
[WhiteElo "2604"]
[BlackElo "2222"]
[Result "1-0"]
[Round "02"]
[TimeControl "180+1"]
[Date "2022.04.26"]
[WhiteClock "0:02:17"]
[BlackClock "0:02:02"]

1. c4 e6 2. g3 d5 3. Bg2 Nf6 4. Nf3 Be7 5. O-O O-O 6. b3 b6 7. Bb2 c5 8. cxd5 Nxd5 9. d4 Bb7 10. e4 Nf6 11. e5 Nd5 12. Nbd2 Nc6 13. Ne4 cxd4 14. Nxd4 Ba6 15. Nxc6 1-0


[Site "https://www.chess.com"]

[Event "Titled Tuesday Blitz April 26 Late 2022"]
[White "Menna Barreto, Felipe Kubiaki"]
[Black "Harshavardhan G B"]
[WhiteFideId "2119757"]
[BlackFideId "25059009"]
[WhiteElo "2261"]
[BlackElo "1831"]
[Result "0-1"]
[Round "02"]
[TimeControl "180+1"]
[Date "2022.04.26"]
[WhiteClock "0:00:53"]
[BlackClock "0:00:22"]

1. d4 Nf6 2. c4 e5 3. dxe5 Ng4 4. e3 Nxe5 5. Nh3 Nbc6 6. Be2 Bb4+ 7. Bd2 Bxd2+ 8. Qxd2 d6 9. Nf4 O-O 10. O-O Bf5 11. Nc3 Qd7 12. Nfd5 a6 13. f4 Ng4 14. h3 Nh6 15. e4 Be6 16. f5 Bxd5 17. exd5 Ne5 18. f6 Ng6 19. Qg5 Rae8 20. fxg7 Kxg7 21. Bd3 Re5 22. Qf6+ Kg8 23. Rf3 Qe7 24. Ne4 Rxe4 25. Bxe4 Qxe4 26. b3 Qe5 27. Raf1 Qxf6 28. Rxf6 Kg7 29. g4 Ng8 30. R6f5 f6 31. Kh2 h6 32. Kg3 Re8 33. h4 Re3+ 34. R5f3 Re2 35. R1f2 Re4 36. g5 Rxh4 37. gxf6+ Kf7 38. Re3 Rh5 39. Kg2 Rg5+ 40. Kf1 Re5 41. Rg3 Rg5 42. Re3 Ne5 43. c5 Ng4 44. cxd6 cxd6 45. Rc3 Nxf2 46. Rc7+ Kxf6 47. Kxf2 Rxd5 48. Rxb7 h5 49. Rb6 a5 50. Rb8 Ne7 51. Rf8+ Kg6 52. Re8 Nf5 53. a3 Rd3 54. b4 Rxa3 55. bxa5 Rxa5 56. Rg8+ Kf6 57. Kg2 Ra3 58. Kh2 h4 59. Rf8+ Ke5 60. Re8+ Kf4 61. Rf8 d5 62. Rd8 d4 63. Rd7 Kg4 64. Rd8 Ra2+ 65. Kg1 h3 66. Rg8+ Kf4 67. Rf8 d3 68. Kh1 d2 69. Rd8 Ng3+ 70. Kg1 d1=Q+ 71. Rxd1 Rg2# 0-1


[Site "https://www.chess.com"]

[Event "Titled Tuesday Blitz April 26 Late 2022"]
[White "Migot, Tangi"]
[Black "Petrova, Irina"]
[WhiteFideId "662445"]
[BlackFideId "14124122"]
[WhiteElo "2511"]
[BlackElo "1993"]
[Result "1-0"]
[Round "02"]
[TimeControl "180+1"]
[Date "2022.04.26"]
[WhiteClock "0:01:18"]
[BlackClock "0:02:06"]

1. g3 e5 2. Bg2 d6 3. d4 exd4 4. Qxd4 Nc6 5. Qa4 Bd7 6. Nc3 Nf6 7. Nf3 g6 8. Bg5 Bg7 9. O-O-O h6 10. Bxf6 Bxf6 11. Nd5 Bg7 12. Qe4+ Ne7 13. Nd4 O-O 14. Nxe7+ Kh7 15. Nd5 c5 16. Nf3 Bc6 17. h4 Qa5 18. a3 b5 19. h5 b4 20. hxg6+ fxg6 21. Ng5+ Kh8 22. Qxg6 Bxb2+ 23. Kxb2 bxa3+ 24. Ka1 1-0


[Site "https://www.chess.com"]